 Dungeon Crawl Stone Soup version 0.27.1-1-g398f81649c (webtiles) character file.

Game seed: 13828268151873594079

49 Descartes the Ruffian (level 3, 0/20 HPs)
             Began as a Vine Stalker Chaos Knight on Sept 18, 2021.
             Was a Plaything of Xom.
             Slain by a river rat (3 damage)
             ... in a sewer.
             The game lasted 00:02:32 (2316 turns).

Descartes the Ruffian (Vine Stalker Chaos Knight)   Turns: 2316, Time: 00:02:32

Health: 0/20       AC:  5    Str: 14    XL:     3   Next: 75%
Magic:  0/4        EV: 11    Int: 13    God:    Xom [..*...]
Gold:   134        SH:  0    Dex: 13    Spells: 2/2 levels left

rFire    . . .     SeeInvis .     - Unarmed
rCold    . . .     Faith    .   (no shield)
rNeg     . . .     Spirit   +   a - +2 leather armour
rPois    .         Reflect  .   (no helmet)
rElec    .         Harm     .   (no cloak)
rCorr    .         Rampage  .   (no gloves)
Will     .....                  (no boots)
Stlth    ++........             (no amulet)
HPRegen  0.06/turn              (no ring)
MPRegen  0.09/turn              (no ring)

@: no status effects
A: fangs 2, magic shield, antimagic bite, no potion heal 2
a: Renounce Religion


You were in a sewer.
You worshipped Xom.
You were a toy of Xom.
You visited 1 branch of the dungeon, and saw 3 of its levels.
You also visited: Sewer.

You collected 134 gold pieces.

Inventory:

Missiles
 h - 24 arrows
 i - 22 stones (quivered)
 j - 15 bolts
Armour
 a - a +2 leather armour (worn)
Scrolls
 b - a scroll of vulnerability
 f - a scroll of blinking
Potions
 e - a potion of might {unknown}
 g - 2 potions of curing {unknown}
 k - a potion of lignification {unknown}


   Skills:
 + Level 3.0 Fighting
 + Level 2.0 Armour
 + Level 1.3 Dodging
 + Level 1.6 Stealth
 + Level 3.4 Unarmed Combat


You had 2 spell levels left.
You didn't know any spells.
Your spell library contained the following spells:

 Spells                   Type           Power      Damage    Failure   Level
 Animate Skeleton         Necr           0%         N/A       36%         1
 Apportation              Tloc           0%         N/A       36%         1
 Corona                   Hex            0%         N/A       36%         1
 Summon Small Mammal      Summ           0%         N/A       36%         1


Dungeon Overview and Level Annotations

Branches:
Dungeon (3/15)              Sewer (1/1)

Altars:


Innate Abilities, Weirdness & Mutations

You have extremely sharp teeth.
When hurt, damage is shared between your health and your magic reserves.
Your bite disrupts and absorbs the magic of your enemies.
Potions cannot restore your health.


Message History

You start resting.
Xom smirks.
You detect items!
You start resting.
Xom smirks.
You feel aware of your surroundings.
You start resting.
HP restored.
An adder comes into view.
You enter the shallow water.
Moving in this stuff is going to be slow.
A river rat comes into view.
The river rat bites you.
You barely miss the river rat. Your bite misses the river rat.
The adder hisses angrily.
The river rat barely misses you.
Your unstable footing causes you to fumble your attack.
Your unstable footing causes you to fumble your attack.
The river rat bites you!
You barely miss the river rat. Your bite misses the river rat.
The river rat bites you!
* * * LOW HITPOINT WARNING * * *
You are too injured to fight recklessly!
You are too injured to fight recklessly!
You are too injured to fight recklessly!
You are too injured to fight recklessly!
You are too injured to fight recklessly!
You are too injured to fight recklessly!
You are too injured to fight recklessly!
You are too injured to fight recklessly!
You are too injured to fight recklessly!
You are too injured to fight recklessly!
You are too injured to fight recklessly!
You are too injured to fight recklessly!
The river rat bites you.
* * * LOW HITPOINT WARNING * * *
You hit the river rat. Your punch misses the river rat.
The river rat is moderately wounded.
The river rat bites you.
You die...

#≈ * ∆ ##≈* ∆ ∆ ≈≈≈
* ∆ #≈* # **##≈##
≈## ##.≈.## *.≈.##
∆
####....≈####..≈.≈#
≈≈≈≈≈≈∩@r≈≈≈≈≈≈..≈#
∆
####...∩S####.....#
##≈..## ≈≈.## ##≈##
* ### #≈* #≈* #≈
*.. S.


You could see an adder and a river rat.

Vanquished Creatures
  A river rat (D:3)
  2 worms (D:3)
  3 ball pythons
  3 endoplasms
  A giant cockroach (D:1)
  3 goblins
  2 hobgoblins (D:1)
  A quokka (D:2)
  6 bats (D:1)
  4 frilled lizards
  5 kobolds
  A rat (D:2)
32 creatures vanquished.

Notes
Turn   | Place    | Note
-------+----------+-------------------------------------------
     0 | D:1      | Descartes the Vine Stalker Chaos Knight began the quest for
                  | the Orb.
     0 | D:1      | Reached XP level 1. HP: 11/11 MP: 2/2
   410 | D:1      | Reached skill level 1 in Dodging
   410 | D:1      | Reached XP level 2. HP: 16/16 MP: 3/3
   509 | D:1      | Reached skill level 1 in Stealth
   998 | D:2      | Reached XP level 3. HP: 19/19 MP: 4/4
  1359 | D:2      | XOM: silly message
  1406 | D:2      | XOM is BORED!
  1406 | D:2      | XOM: silly message
  1498 | D:2      | XOM: silly message
  1538 | D:2      | Found a faded altar of an unknown god.
  1692 | D:2      | XOM: silly message
  1969 | D:3      | Found a glowing drain.
  1983 | D:3      | XOM: butterfly on damage
  1994 | D:3      | HP: 1/20 [bat (1)]
  2000 | Sewer    | Entered a sewer
  2085 | Sewer    | XOM: divination: detect items
  2121 | Sewer    | XOM: divination: magic mapping
  2316 | Sewer    | Slain by a river rat

Illustrated notes

Levels and vault maps discovered:
D:1:      amcnicky_arrival_abandoned_market, layout_basic, grunt_decor_arrowhead
D:2:      layout_basic, basic_ecumenical_altar
D:3:      layout_loops_ring, cheibrodos_sewer_entry_sluice, serial_shops,
          shop_statue, glass_columns_c
Sewer:    sewer_co_15_rooms

Skill      XL: |  1  2  3 |
---------------+----------+-----
Dodging        | 1 |  1.3
Stealth        | 1 |  1.6
Fighting       | 3 |  3.0
Armour         | 2 |  2.0
Unarmed Combat | |  3.4

Action                   || total
-------------------------++-------
Melee: Unarmed           ||   116
       Bite              ||    25
       Punch             ||     2
  Use: Scroll            ||     3
 Stab: Sleeping          ||     1
Armor: Leather armour    ||    39
Dodge: Dodged            ||    77
